 Dungeon Crawl Stone Soup version 0.31-a0-175-g9f7f995f2b (webtiles) character file.

Game seed: 4674836369480883022

5860 Hubris850 the Tainter (level 10, -4/59 HPs)
             Began as a Tengu Reaver on June 16, 2023.
             Was an Elder of Okawaru.
             Slain by a bullfrog (7 damage)
             ... on level 8 of the Dungeon.
             The game lasted 00:23:27 (7168 turns).

Hubris850 the Tainter (Tengu Reaver)                Turns: 7168, Time: 00:23:27

Health: -4/59      AC: 12    Str: 21    XL:     10   Next: 81%
Magic:  28/32      EV: 21    Int: 16    God:    Okawaru [****..]
Gold:   538        SH:  0    Dex: 15    Spells: 16/25 levels left

rFire   . . .        E - +5 flail
rCold   . . .        (no shield)
rNeg    . . .        o - +0 swamp dragon scales
rPois   +            (helmet restricted)
rElec   .            y - +2 cloak
rCorr   .            (no gloves)
SInv    .            (boots unavailable)
Will    +....        p - amulet of Huse {Contam Harm Will+ Regen+ Int+3}
Stlth   ++           f - ring of magical power
HPRegen 1.09/turn    n - +6 ring of strength
MPRegen 0.23/turn

%: harm (+30% outgoing, +20% incoming)
@: heroic, flying quickly and evasively, invisible, quick
A: beak, talons 3, nimble flight
a: Renounce Religion, Heroism, Finesse


You were on level 8 of the Dungeon.
You worshipped Okawaru.
Okawaru was greatly pleased with you.
You visited 1 branch of the dungeon, and saw 8 of its levels.

You collected 538 gold pieces.

Inventory:

Hand Weapons
 a - a +0 falchion
 e - a +0 short sword of draining
 g - a +1 dagger of venom
 m - a +0 morningstar of flaming
 z - a +0 trident of flaming
 E - a +5 flail (weapon)
Missiles
 u - 5 atropa-tipped darts
 F - 3 poisoned darts
Armour
 b - a +0 leather armour
 i - a +0 ring mail
 o - +0 swamp dragon scales (worn)
 s - a +4 ring mail
 x - a +0 kite shield
 y - a +2 cloak (worn)
 I - +0 steam dragon scales
Jewellery
 f - a ring of magical power (left hand)
 n - a +6 ring of strength (right hand)
 p - the amulet of Huse (around neck) {Contam Harm Will+ Regen+ Int+3}
   (You found it on level 2 of the Dungeon)

   [amulet of regeneration]

   Int:       It affects your intelligence (+3).
   Contam:    It causes magical contamination when unequipped.
   Regen:     It increases your rate of health regeneration.
   Harm:      It increases damage dealt and taken.
   Will:      It increases your willpower.
 B - an amulet of guardian spirit
Wands
 c - a wand of light (6)
Scrolls
 d - a scroll of revelation
 k - 2 scrolls of blinking
 l - 2 scrolls of enchant armour
 v - a scroll of fog
 A - a scroll of silence
 C - a scroll of enchant weapon
 H - a scroll of teleportation {unknown}
Potions
 h - 5 potions of curing
 j - 2 potions of brilliance
 q - a potion of cancellation
 r - 2 potions of mutation
 w - a potion of magic
 D - a potion of lignification


   Skills:
 - Level 5.0(10.0) Fighting
 - Level 3.2(8.2) Long Blades
 - Level 3.0(8.0) Armour
 - Level 8.1(13.1) Dodging
 + Level 8.0 Spellcasting
 - Level 4.0 Conjurations
 - Level 9.1 Poison Magic
 + Level 3.4 Invocations


You had 16 spell levels left.
You knew the following spells:

 Your Spells              Type           Power      Damage    Failure   Level
a - Ignite Poison         Fire/Tmut/Pois 16%        N/A       14%         3
b - Poisonous Vapours     Pois/Air       42%        N/A       3%          2
c - Olgreb's Toxic Radia  Pois           35%        N/A       3%          4

Your spell library contained the following spells:

 Spells                   Type           Power      Damage    Failure   Level
 Sting                    Tmut/Pois      84%        1d7       2%          1
 Kiss of Death            Conj/Necr      48%        2d9       8%          1
 Shock                    Conj/Air       48%        1d6       8%          1
 Cigotuvi's Dreadful Rot  Necr/Pois/Air  32%        N/A       8%          2
 Momentum Strike          Conj/Tloc      24%        3d8       11%         2
 Freeze                   Ice            24%        1d4       17%         1
 Hailstorm                Conj/Ice       12%        3d5       22%         3
 Frozen Ramparts          Ice            12%        1d2       45%         3
 Gell's Gravitas          Tloc           6%         N/A       45%         3
 Ozocubu's Armour         Ice            6%         N/A       45%         3
 Swiftness                Air            6%         N/A       45%         3
 Teleport Other           Tloc           6%         N/A       45%         3
 Volatile Blastmotes      Fire/Tloc      12%        2d11      45%         3
 Fulminant Prism          Conj/Hex       6%         3d7       58%         4
 Iskenderun's Mystic Bla  Conj/Tloc      12%        2d5       58%         4
 Airstrike                Air            3%         2d(1-17)  86%         4
 Freezing Cloud           Conj/Ice/Air   5%         6-21      95%         5
 Lee's Rapid Deconstruct  Erth           3%         3d5*      99%         5
 Metabolic Englaciation   Hex/Ice        3%         N/A       99%         5
 Dispersal                Tloc           3%         N/A       100%        6
 Simulacrum               Ice/Necr       Unusable   N/A       N/A         6

Dungeon Overview and Level Annotations

Branches:
Dungeon (8/15)             Temple (0/1) D:5
   Lair: D:8-11

Altars:
Gozag
Okawaru
Qazlal
Vehumet

Shops:
D:3 *   D:7 !

Annotations:
D:8 1 transporter, rabbitsville's ghost, novice HOFi


Innate Abilities, Weirdness & Mutations

You have a beak for a mouth.
You have claws for feet.
Your magical nature lets you fly swiftly and evasively.


Message History

You kill the moth of wrath!
Okawaru is honoured by your kill.
You can now enter into single combat with a foe.
Okawaru will now gift you equipment as you gain piety.
The bullfrog croaks.
Rabbitsville's ghost hits you! The water moccasin bites you.
Rabbitsville's ghost hits you!
Your Spellcasting skill increases to level 8!
Your Invocations skill increases to level 3!
You gain the combat prowess of a mighty hero.
You can no longer enter into single combat with a foe.
Okawaru will no longer gift you equipment.
The water moccasin completely misses you.
Rabbitsville's ghost hits you but does no damage.
The water moccasin bites you but does no damage.
You barely miss rabbitsville's ghost. Your kick misses rabbitsville's ghost.
The bullfrog gives a loud, deep croak!
Rabbitsville's ghost hits you!
* * * LOW HITPOINT WARNING * * *
You hit rabbitsville's ghost but do no damage.
The bullfrog closely misses you.
Rabbitsville's ghost hits you but does no damage.
The bullfrog barely misses you.
You hit rabbitsville's ghost. Your peck misses rabbitsville's ghost.
Rabbitsville's ghost is lightly damaged.
The bullfrog hits you but does no damage.
Rabbitsville's ghost closely misses you.
The bullfrog completely misses you.
Okay, then.
You hit rabbitsville's ghost. You peck rabbitsville's ghost.
Your punch misses rabbitsville's ghost.
Rabbitsville's ghost is lightly damaged.
The bullfrog hits you.
* * * LOW HITPOINT WARNING * * *
Rabbitsville's ghost hits you!
* * * LOW HITPOINT WARNING * * *
You hit rabbitsville's ghost. Your kick misses rabbitsville's ghost.
Rabbitsville's ghost is lightly damaged.
The bullfrog hits you.
You die...

## #.# #####...# ##.... # #.#
#####.......# ##... #.#
##.....###...# ##'# #.#
##..#####.##..# #.# #.#
#..##......#..# #.# #.#
#.##....#..##.# ##.#
#######.###.#©.=#...#.#.######...
............##.F##.#. #.....#....
##########..©#.#@..#.##.###.##...
##.##SW...#)#..###......
#.#...#©."[#©)........#
#.#.#...#.$#..###..##.#
#.##.#.....##.# #......
#..#...#.#..#.###.###.# ####
##.#...#.#..#.....# #.# ...#
#.#.......##.##### #.# ##.#
#.###...###..# #..


You could see a water moccasin (unable to see you), a bullfrog (unable to see
you, poisoned) and rabbitsville's ghost.

Vanquished Creatures
  2 two-headed ogres (D:8)
  A moth of wrath (D:8)
  Maggie (D:7)
  3 vampire mosquitoes (D:7)
  2 water moccasins
  Duvessa (D:6)
  A sky beast (D:7)
  2 orc warriors
  4 black bears
  An ice beast (D:8)
  3 ogres
  3 centaurs
  A phantom (D:4)
  7 bullfrogs
  Blork the orc (D:5)
  A gnoll sergeant (D:5)
  4 scorpions
  3 wights (D:6)
  Dowan (D:6)
  9 killer bees
  A jelly (D:5)
  2 orc priests (D:3)
  2 hounds (D:6)
  A gnoll bouda (D:5)
  An iguana (D:6)
  An orc wizard (D:4)
  3 sleepcaps
  7 gnolls
  9 adders
  A shadow imp (D:6)
  A white imp (D:4)
  An ufetubus (D:6)
  2 worms
  A dart slug (D:1)
  11 orcs
  6 endoplasms
  A giant cockroach (D:1)
  7 goblins
  5 hobgoblins
  8 jackals
  2 quokkas
  5 ball pythons
  5 bats
  5 frilled lizards
  8 kobolds
  3 rats
150 creatures vanquished.

Vanquished Creatures (others)
  A steam dragon (D:8)
  An endoplasm (D:1)
2 creatures vanquished.

Grand Total: 152 creatures vanquished

Notes
Turn   | Place    | Note
-------+----------+-------------------------------------------
     0 | D:1      | Hubris850 the Tengu Reaver began the quest for the Orb.
     0 | D:1      | Reached XP level 1. HP: 12/12 MP: 4/4
   112 | D:1      | Reached XP level 2. HP: 4/14 MP: 6/6
   171 | D:1      | Reached skill level 1 in Armour
   365 | D:1      | Reached XP level 3. HP: 16/22 MP: 7/7
   405 | D:1      | Learned a level 2 spell: Poisonous Vapours
  1167 | D:2      | Reached XP level 4. HP: 17/27 MP: 8/8
  1578 | D:2      | Identified the amulet of Huse {Contam Harm Will+ Regen+
                  | Int+3}
  1825 | D:3      | Reached skill level 1 in Poison Magic
  2010 | D:3      | Gained mutation: Your magical nature lets you fly swiftly
                  | and evasively. [Tengu growth]
  2010 | D:3      | Reached XP level 5. HP: 32/32 MP: 9/9
  2050 | D:3      | Found an opulent altar of Gozag.
  2058 | D:3      | Found Gozag's Platinum Reserve.
  2065 | D:3      | Noticed an orc warrior
  2142 | D:3      | Found a faded altar of an unknown god.
  2150 | D:3      | Prayed at the altar of an unknown god.
  2150 | D:3      | Became a worshipper of Warmaster Okawaru
  2150 | D:3      | Reached * piety under Okawaru
  2300 | D:3      | Killed an orc warrior
  2301 | D:3      | Reached skill level 2 in Poison Magic
  2301 | D:3      | Reached XP level 6. HP: 10/37 MP: 10/10
  2605 | D:4      | Noticed a water moccasin
  2616 | D:4      | Killed a water moccasin
  2617 | D:4      | Reached skill level 3 in Poison Magic
  2617 | D:4      | Reached XP level 7. HP: 27/38 MP: 11/11
  3148 | D:5      | Entered Level 5 of the Dungeon
  3177 | D:4      | Reached skill level 5 in Dodging
  3280 | D:5      | Noticed Blork the orc
  3289 | D:5      | Killed Blork the orc
  3289 | D:5      | Reached ** piety under Okawaru
  3290 | D:5      | Reached skill level 5 in Fighting
  3290 | D:5      | Reached skill level 4 in Poison Magic
  3442 | D:5      | Reached XP level 8. HP: 49/49 MP: 12/12
  3891 | D:5      | Found a staircase to the Ecumenical Temple.
  4011 | D:6      | Reached skill level 5 in Poison Magic
  4391 | D:6      | Reached XP level 9. HP: 48/54 MP: 16/16
  4444 | D:6      | Learned a level 4 spell: Olgreb's Toxic Radiance
  4592 | D:6      | Reached *** piety under Okawaru
  4593 | D:6      | Reached skill level 6 in Poison Magic
  4613 | D:6      | Noticed Duvessa
  4613 | D:6      | Noticed Dowan
  4620 | D:6      | Killed Duvessa
  4622 | D:6      | Killed Dowan
  4922 | D:7      | Reached skill level 5 in Spellcasting
  5169 | D:7      | Reached skill level 7 in Poison Magic
  5342 | D:7      | Found Zatiosch's Distillery.
  5426 | D:7      | Noticed Maggie
  5437 | D:7      | Killed Maggie
  5438 | D:7      | Reached XP level 10. HP: 39/59 MP: 20/20
  5597 | D:7      | Reached skill level 8 in Poison Magic
  6117 | D:8      | Reached **** piety under Okawaru
  6181 | D:8      | Found a stormy altar of Qazlal.
  6377 | D:8      | Found a transporter.
  6382 | D:8      | Noticed rabbitsville's ghost (novice HOFi)
  6383 | D:8      | Noticed a moth of wrath
  6408 | D:8      | Found a transporter.
  6462 | D:8      | Noticed a two-headed ogre
  6473 | D:8      | Killed a two-headed ogre
  6474 | D:8      | Reached skill level 1 in Invocations
  6584 | D:8      | Found a radiant altar of Vehumet.
  6697 | D:8      | Noticed a two-headed ogre
  6702 | D:8      | Killed a two-headed ogre
  6703 | D:8      | Reached skill level 9 in Poison Magic
  6707 | D:8      | Learned a level 3 spell: Ignite Poison
  7162 | D:8      | Killed a moth of wrath
  7162 | D:8      | Reached ***** piety under Okawaru
  7167 | D:8      | HP: 2/59 [rabbitsville's ghost (15)]
  7168 | D:8      | Slain by a bullfrog

Illustrated notes

Levels and vault maps discovered:
D:1:      minmay_arrival_radiant_lines, layout_basic,
          dreamdust_mushroom_princess, lemuel_flame_loot_1
D:2:      layout_basic, minmay_cut_off
D:3:      layout_loops_cross, nicolae_gozag_zags_fifth_avenue,
          ebering_ecumenical_altar_abandoned
D:4:      layout_loops_ring
D:5:      layout_cave_pools, minmay_temple_entry_fiery, nrook_pool_corridor,
          uniq_blork_the_orc
D:6:      layout_basic, uniq_duvessa
D:7:      layout_basic, serial_shops, shop, uniq_maggie
D:8:      layout_loops_corners, mainiacjoe_overflow_six_doors_small,
          fiery_altar_vehumet, gammafunk_ghost_berserking_beasts,
          kennysheep_generic_room_15

Skill      XL: |  1  2  3  4  5  6  7  8  9 10 |
---------------+-------------------------------+-----
Armour         | 1 2 3 |  3.0
Dodging        | 3 4 5 7 8 |  8.1
Poison Magic   | 1 2 3 4 5 7 9 |  9.1
Fighting       | 3 4 5 |  5.0
Spellcasting   | 4 6 8 |  8.0
Invocations    | 3 |  3.4
Long Blades    | |  3.2
Conjurations   | |  4.0

Action                     |  1- 3 |  4- 6 |  7- 9 | 10-12 || total
---------------------------+-------+-------+-------+-------++-------
  Melee: Falchion          |    17 |       |       |       ||    17
         Kick              |    22 |    21 |    86 |    14 ||   143
         Peck              |    13 |    14 |    47 |    11 ||    85
         Short sword       |    18 |       |       |       ||    18
         Dagger            |    59 |    75 |    92 |       ||   226
         Punch             |       |     2 |     5 |       ||     7
         Trident           |       |       |   100 |       ||   100
         Flail             |       |       |    44 |    48 ||    92
   Cast: Kiss of Death     |       |     2 |       |       ||     2
         Poisonous Vapours |       |       |    15 |       ||    15
         Olgreb's Toxic Ra |       |       |     1 |     5 ||     6
 Invoke: Heroism           |       |     1 |     2 |     1 ||     4
  Evoke: Wand              |       |       |     5 |       ||     5
    Use: Scroll            |       |     2 |    13 |     1 ||    16
         Potion            |       |     1 |       |     2 ||     3
   Stab: Invisible         |       |       |     1 |     3 ||     4
 Armour: Leather armour    |    10 |       |       |       ||    10
         Ring mail         |    13 |    14 |    65 |       ||    92
         Swamp dragon scal |       |       |       |    24 ||    24
  Dodge: Dodged            |    45 |    43 |   231 |    59 ||   378

Table legend: (Time is in decaauts)
 A = Elapsed time spent in this place.
 B = Non-inter-level travel time spent in this place.
 C = Inter-level travel time spent in this place.
 D = Time resting spent in this place.
 E = Time spent auto-exploring this place.
 F = Levels seen in this place.
 G = Mean time per level.
                   A        B        C        D        E       F      G
               +--------+--------+--------+--------+--------+-----+--------+
         Total |   6811 |   6568 |    243 |    387 |   4953 |   8 |  851.4 |
       Dungeon |   6811 |   6568 |    243 |    387 |   4953 |   8 |  851.4 |
               +--------+--------+--------+--------+--------+-----+--------+

Top non-repeatable levels by time:
     D:7: 1114 daAuts
     D:8: 1033 daAuts
     D:1: 887 daAuts
     D:2: 874 daAuts
     D:6: 826 daAuts
     D:5: 737 daAuts
     D:3: 681 daAuts
     D:4: 656 daAuts
